 Dungeon Crawl Stone Soup version 0.14-a0-1739-g6c2808e (webtiles) character file.

210 Mitsuki the Covered (level 5, 0/38 HPs)
             Began as a Formicid Fighter on Jan 3, 2014.
             Succumbed to an adder's poison
             ... on Level 3 of the Dungeon.
             The game lasted 00:07:03 (1683 turns).

Mitsuki the Covered (Formicid Fighter)              Turns: 1683, Time: 00:07:04

HP   0/38        AC  8     Str 22      XL: 5   Next: 59%
MP   5/5         EV  7     Int  7      God:
Gold 84          SH 19     Dex 10      Spells:  0 memorised,  4 levels left

rFire  . . .     SeeInvis +     a - +0 trident
rCold  . . .     Clarity  .     b - +0 scale mail
rNeg   . . .     Conserve .     c - +0 shield
rPois  x         rCorr    .     (helmet unavailable)
rElec  .         rRot     .     (no cloak)
SustAb . .       Spirit   .     (no gloves)
rMut   .         Warding  .     (no boots)
Saprov . . .     Stasis   +     (no amulet)
                                (no ring)
                                i - ring of invisibility

@: mildly poisoned, slightly resistant to hostile enchantments, extremely
unstealthy
A: permanent stasis, dig shafts and tunnels, four strong arms, poison weakness,
antennae 3, exoskeleton 1
a: Dig, Shaft Self, Evoke Invisibility


You were on level 3 of the Dungeon.
You were not hungry.

You visited 1 branch of the dungeon, and saw 3 of its levels.

You collected 84 gold pieces.

Inventory:

Hand weapons
 a - a +0,+0 trident (weapon)
Armour
 b - a +0 scale mail (worn)
 c - a +0 shield (worn)
Comestibles
 d - 3 bread rations
 f - a meat ration
Scrolls
 e - 3 scrolls of remove curse {unknown}
 j - a scroll of identify
 k - a scroll of magic mapping {unknown}
 l - a scroll of teleportation {unknown}
 m - a scroll of curse armour {unknown}
 n - 2 scrolls of fog {unknown}
 o - a scroll of enchant weapon II {unknown}
 q - 2 scrolls of fear {unknown}
Jewellery
 i - a ring of invisibility (left hand)
 p - an uncursed amulet of conservation {unknown}
Potions
 g - a potion of curing
 h - 2 potions of agility


   Skills:
 + Level 3.8 Fighting
 + Level 3.1 Polearms
 + Level 4.3 Armour
 + Level 3.9 Shields


You had 4 spell levels left.
You didn't know any spells.

Dungeon Overview and Level Annotations

Branches:
Dungeon (3/16)

Altars:
Trog


Innate Abilities, Weirdness & Mutations

Your are under a permanent stasis effect.
You can dig through walls and to a lower floor.
Your four strong arms can wield any weapon, most with a shield.
You are susceptible to poison.
You have a pair of large antennae on your head (SInv).
Your body is surrounded by an exoskeleton. (HP +5, AC +1)


Message History

You start resting.
* * * LOW HITPOINT WARNING * * *
You feel sick.
You start resting.
* * * LOW HITPOINT WARNING * * *
You feel sick.
You start resting.
* * * LOW HITPOINT WARNING * * *
You feel sick.
You start resting.
* * * LOW HITPOINT WARNING * * *
You feel sick.
You start resting.
* * * LOW HITPOINT WARNING * * *
You feel sick.
You start resting.
* * * LOW HITPOINT WARNING * * *
You feel sick.
You start resting.
You die...

#. ..# #.#.# #.#
.....####.########
..#..............#
###.##.##.###%##.#
# #.##.##.# #.##.#
# #.......# #.##.#
# ####.######.##.#
######.##.......@#
.......##.#####..#
######## #..# #...
#..# #... ..## ..
.


There were no monsters in sight!

Vanquished Creatures
  Ijyb (D:2)
  4 adders
  A worm (D:2)
  A giant gecko (D:2)
  An ooze (D:2)
  9 bats
  3 giant cockroaches
  7 hobgoblins
  4 jackals (D:1)
  A ball python (D:1)
  4 giant newts
  7 goblins
  8 kobolds
  10 rats
61 creatures vanquished.

Notes
Turn   | Place    | Note
--------------------------------------------------------------
     0 | D:1      | Mitsuki, the Formicid Fighter, began the quest for the Orb.
     0 | D:1      | Reached XP level 1. HP: 19/19 MP: 1/1
    33 | D:1      | Reached XP level 2. HP: 20/24 MP: 2/2
   198 | D:1      | Reached XP level 3. HP: 22/28 MP: 3/3
   593 | D:2      | Reached skill level 4 in Armour
   593 | D:2      | Reached XP level 4. HP: 31/33 MP: 4/4
   889 | D:2      | Reached XP level 5. HP: 2/38 MP: 5/5
   889 | D:2      | HP: 1/38 [poisoned by an adder]
   913 | D:2      | Gained mutation: Your mind is acute. (Int +2) [potion of beneficial mutation]
   915 | D:2      | Lost mutation: Your mind is acute. (Int +2) [potion of cure mutation]
  1140 | D:2      | Noticed Ijyb
  1169 | D:2      | Killed Ijyb
  1446 | D:2      | Found a bloodstained altar of Trog.
  1681 | D:3      | HP: 1/38 [poisoned by an adder]
  1683 | D:3      | Succumbed to an adder's poison

Action                   |  1- 3 |  4- 6 || total
-------------------------+-------+-------++-------
Melee: Trident           |   124 |   146 ||   270
  Use: Potion            |       |     7 ||     7
       Scroll            |       |     2 ||     2
